 Dungeon Crawl Stone Soup version 0.31-a0-204-g7da18cac08 (webtiles) character file.

Game seed: 13176843117767107590

1003 bmack86 the Cleaver (level 8, 0/64 HPs)
             Began as a Minotaur Fighter on June 28, 2023.
             Was an Initiate of Gozag.
             Slain by a troll (4 damage)
             ... on level 6 of the Dungeon.
             The game lasted 00:11:30 (3902 turns).

bmack86 the Cleaver (Minotaur Fighter)              Turns: 3902, Time: 00:11:30

Health: 0/64       AC: 11    Str: 22    XL:     8   Next: 0%
Magic:  7/7        EV:  6    Int:  5    God:    Gozag
Gold:   162        SH:  4    Dex: 11    Spells: 7/7 levels left

rFire   . . .        a - +0 war axe
rCold   . . .        c - +0 buckler
rNeg    . . .        g - +0 plate armour
rPois   .            (helmet restricted)
rElec   .            (no cloak)
rCorr   .            (no gloves)
SInv    .            (no boots)
Will    .....        (no amulet) Stlth
                     (no ring)
HPRegen 0.30/turn    (no ring)
MPRegen 0.10/turn

%: no passive effects
@: gold aura, slowed, very slow
A: horns 2, retaliatory headbutt
a: Renounce Religion, Potion Petition, Call Merchant, Bribe Branch


You were on level 6 of the Dungeon.
You worshipped Gozag.
Gozag was aware of your devotion.
You visited 2 branches of the dungeon, and saw 7 of its levels.

You collected 235 gold pieces.
You paid 73 gold pieces to Gozag.

Inventory:

Hand Weapons
 a - a +0 war axe (weapon)
Missiles
 h - 4 boomerangs
 q - 2 throwing nets
Armour
 b - a +0 scale mail
 c - a +0 buckler (worn)
 g - a +0 plate armour (worn)
 m - a +0 chain mail
Jewellery
 u - a ring of resist corrosion
Scrolls
 k - 2 scrolls of teleportation
 o - 2 scrolls of enchant armour {unknown}
 p - a scroll of immolation {unknown}
 r - 2 scrolls of fog {unknown}
 v - a scroll of brand weapon {unknown}
Potions
 d - 2 potions of might
 e - a potion of enlightenment
 f - a potion of lignification
 i - 5 potions of curing
 j - a potion of brilliance
 l - 3 potions of heal wounds
 n - 2 potions of mutation
 s - a potion of experience {unknown}
 t - 2 potions of invisibility {unknown}
 w - 3 potions of degeneration {unknown}
 x - a potion of attraction {unknown}


   Skills:
 - Level 3.6 Fighting
 + Level 11.3 Axes
 - Level 3.6 Armour
 - Level 3.6 Shields


You had 7 spell levels left.
You didn't know any spells.
Your spell library contained the following spells:

 Spells                   Type           Power      Damage    Failure   Level
 Summon Small Mammal      Summ           0%         N/A       100%        1
 Blink                    Tloc           0%         N/A       100%        2
 Lesser Beckoning         Tloc           0%         N/A       100%        2
 Momentum Strike          Conj/Tloc      0%         3d8       100%        2
 Sublimation of Blood     Necr           0%         N/A       100%        2
 Call Canine Familiar     Summ           0%         N/A       100%        3
 Summon Guardian Golem    Hex/Summ       0%         N/A       100%        3
 Petrify                  Tmut/Erth      0%         N/A       100%        4
 Irradiate                Conj/Tmut      0%         3d11      100%        5


Dungeon Overview and Level Annotations

Branches:
Dungeon (6/15)             Temple (1/1) D:6

Altars:
Ashenzari
Cheibriados
Elyvilon
Fedhas
Gozag
Kikubaaqudgha
Makhleb
Nemelex Xobeh
Qazlal
Ru
Uskayaw
Vehumet
Wu Jian

Shops:
D:5 :


Innate Abilities, Weirdness & Mutations

You have a pair of horns on your head.
You reflexively headbutt those who attack you in melee.


Message History

You hit the troll but do no damage. You barely miss the wraith.
The wraith hits you. You block the orc warrior's attack. The troll bites you.
You block the troll's attack. The troll claws you. The wraith hits you.
* * * LOW HITPOINT WARNING * * *
The orc warrior hits you with a +0 trident.
* * * LOW HITPOINT WARNING * * *
The troll bites you but does no damage. The troll claws you.
* * * LOW HITPOINT WARNING * * *
The troll claws you but does no damage.
You hit the orc warrior.
The orc warrior is almost dead.
You closely miss the troll. You hit the wraith but do no damage.
The wraith barely misses you. You furiously retaliate!
You headbutt the wraith!
The orc warrior hits you with a +0 trident.
* * * LOW HITPOINT WARNING * * *
The troll bites you but does no damage. The troll claws you but does no damage.
The troll claws you.
* * * LOW HITPOINT WARNING * * *
You hit the orc warrior but do no damage.
Your headbutt misses the orc warrior.
The orc warrior is almost dead.
You hit the troll but do no damage. You hit the wraith but do no damage.
The wraith hits you but does no damage.
The orc warrior hits you with a +0 trident.
* * * LOW HITPOINT WARNING * * *
The troll barely misses you. The troll claws you but does no damage.
The troll claws you.
* * * LOW HITPOINT WARNING * * *
You hit the orc warrior but do no damage.
You headbutt the orc warrior.
You kill the orc warrior!
You hit the troll but do no damage. You hit the wraith.
The wraith barely misses you. The troll barely misses you.
You furiously retaliate!
You headbutt the troll! You block the troll's attack.
The troll claws you but does no damage. The wraith barely misses you.
You furiously retaliate!
You headbutt the wraith! The troll bites you but does no damage.
The troll claws you but does no damage. The troll claws you.
You die...
Your body crumbles into a pile of gold.

$
..#....###.)####
.........#..#
.......#....#
.......#..###
..#.......##
.....###...# #
..#....#...#.##
. ....[.T.....#
#......$@....#
......W......#
..#..........#
.............#
:.....#.#.#..#
#...##....####
#### ...## ..#


You could see a troll and a wraith.

Vanquished Creatures
  A black bear (D:5)
  An orc warrior (D:6)
  2 sky beasts
  An ogre (D:4)
  Blork the orc (D:5)
  A kobold brigand (D:4)
  3 scorpions (D:5)
  An orc priest (D:5)
  3 hounds
  An iguana (D:5)
  9 adders
  A shadow imp (D:6)
  A worm (D:4)
  2 dart slugs
  7 orcs
  7 ball pythons
  8 bats
  3 endoplasms
  2 giant cockroaches
  7 goblins
  6 hobgoblins
  3 jackals (D:3)
  11 kobolds
  7 quokkas
  4 frilled lizards
  9 rats
102 creatures vanquished.

Notes
Turn   | Place    | Note
-------+----------+-------------------------------------------
     0 | D:1      | bmack86 the Minotaur Fighter began the quest for the Orb.
     0 | D:1      | Reached XP level 1. HP: 19/19 MP: 0/0
    90 | D:1      | Reached skill level 3 in Axes
   132 | D:1      | Reached XP level 2. HP: 23/26 MP: 1/1
   371 | D:1      | Found a faded altar of an unknown god.
   448 | D:1      | Reached skill level 4 in Axes
   920 | D:2      | Reached XP level 3. HP: 28/31 MP: 2/2
   924 | D:2      | Found a radiant altar of Vehumet.
  1181 | D:2      | Reached skill level 5 in Axes
  1203 | D:2      | Reached XP level 4. HP: 35/39 MP: 3/3
  1510 | D:3      | Reached skill level 6 in Axes
  1546 | D:3      | Identified the +4 dagger "Gampead" {holy, rElec Will- rCorr
                  | Int+4}
  1714 | D:3      | Reached XP level 5. HP: 45/45 MP: 4/4
  1884 | D:4      | Reached skill level 7 in Axes
  2087 | D:4      | Noticed an ogre
  2090 | D:4      | Killed an ogre
  2091 | D:4      | Reached XP level 6. HP: 51/51 MP: 5/5
  2247 | D:4      | Noticed a sky beast
  2261 | D:4      | Killed a sky beast
  2262 | D:4      | Reached skill level 8 in Axes
  2412 | D:5      | Entered Level 5 of the Dungeon
  2531 | D:5      | Reached skill level 9 in Axes
  2545 | D:5      | Reached XP level 7. HP: 52/57 MP: 6/6
  2828 | D:5      | Reached skill level 10 in Axes
  3205 | D:5      | Found Rafufob's Vocational Training.
  3207 | D:5      | Noticed Blork the orc
  3222 | D:5      | Killed Blork the orc
  3639 | D:6      | Reached skill level 11 in Axes
  3667 | D:6      | Found a staircase to the Ecumenical Temple.
  3685 | Temple   | Entered the Ecumenical Temple
  3849 | Temple   | Became a worshipper of Gozag Ym Sagoz the Greedy
  3891 | D:6      | Noticed a wraith
  3891 | D:6      | Noticed a troll
  3898 | D:6      | Reached XP level 8. HP: 49/64 MP: 7/7
  3902 | D:6      | Slain by a troll

Illustrated notes

Levels and vault maps discovered:
D:1:      ncdulo_smallfort, layout_basic, shapermc_ecumenical_altar_ellora,
          minmay_tetromino_i2
D:2:      layout_rooms, basic_altar, nicolae_half_adder
D:3:      layout_basic
D:4:      layout_basic, lexackson_kobold_supper
D:5:      black_bear_nest_2, layout_loops_corners,
          chequers_hall_statues_corner_a, minmay_liquid_box,
          nicolae_shop_vocational, uniq_blork_the_orc
D:6:      layout_cave_pools, worldfamousw_hep_ancestral_shrine,
          minmay_temple_entry_glass, minmay_manual_moon
Temple:   hellmonk_temple_forest_ring

Skill      XL: |  1  2  3  4  5  6  7 |
---------------+----------------------+-----
Axes           | 3 4 5 6 7 9 11 | 11.3
Fighting       | |  3.6
Armour         | |  3.6
Shields        | |  3.6

Action                     |  1- 3 |  4- 6 |  7- 9 || total
---------------------------+-------+-------+-------++-------
  Melee: War axe           |   103 |   104 |    49 ||   256
         Headbutt          |    18 |    13 |    10 ||    41
    Use: Scroll            |     7 |     3 |     1 ||    11
 Armour: Scale mail        |    29 |       |       ||    29
         Chain mail        |    30 |    36 |       ||    66
         Plate armour      |       |    29 |    37 ||    66
  Dodge: Dodged            |    45 |    37 |    26 ||   108
  Block: Buckler           |    19 |    18 |    17 ||    54

Table legend: (Time is in decaauts)
 A = Elapsed time spent in this place.
 B = Non-inter-level travel time spent in this place.
 C = Inter-level travel time spent in this place.
 D = Time resting spent in this place.
 E = Time spent auto-exploring this place.
 F = Levels seen in this place.
 G = Mean time per level.
                   A        B        C        D        E       F      G
               +--------+--------+--------+--------+--------+-----+--------+
         Total |   3958 |   3813 |    145 |     14 |   2869 |   7 |  565.4 |
       Dungeon |   3775 |   3659 |    116 |     14 |   2737 |   6 |  629.2 |
        Temple |    182 |    153 |     29 |      0 |    132 |   1 |  182.0 |
               +--------+--------+--------+--------+--------+-----+--------+

Top non-repeatable levels by time:
     D:5: 1122 daAuts
     D:1: 912 daAuts
     D:4: 565 daAuts
     D:2: 565 daAuts
     D:3: 420 daAuts
     D:6: 190 daAuts
  Temple: 182 daAuts
